 Dungeon Crawl Stone Soup version 0.31-a0-656-gb4d89c20fa (webtiles) character file.

Game seed: 7750009192132121621

1358 dondy the Destroyer (level 8, 0/41 HPs)
             Began as a Gargoyle Earth Elementalist on Aug 30, 2023.
             Was a Follower of Vehumet.
             Killed from afar by a steam dragon (20 damage)
             ... with a ball of steam
             ... on level 6 of the Dungeon.
             The game lasted 00:17:39 (4936 turns).

dondy the Destroyer (Gargoyle Earth Elementalist)   Turns: 4936, Time: 00:17:40

Health: 0/41       AC:  9    Str: 11    XL:     8   Next: 64%
Magic:  5/14       EV: 11    Int: 19    God:    Vehumet [*.....]
Gold:   432        SH:  5    Dex: 10    Spells: 10/15 levels left

rFire   . . .        a - +1 dagger (venom)
rCold   . . .        H - +2 buckler
rNeg    + . .        m - +0 robe
rPois   ∞            (no helmet)
rElec   +            r - scarf {repulsion}
rCorr   .            C - +1 pair of gloves
SInv    .            (no boots)
Will    .....        G - amulet of magic regeneration
Stlth   ++           K - ring of wizardry
HPRegen 0.26/turn    (no ring)
MPRegen 0.54/turn

%: repel missiles, wizardry (x1)
@: no status effects
A: sickness immunity, AC +5, negative energy resistance 1, electricity
resistance, torment resistance 1, petrification resistance
a: Renounce Religion


You were on level 6 of the Dungeon.
You worshipped Vehumet.
Vehumet was aware of your devotion.
You visited 2 branches of the dungeon, and saw 7 of its levels.

You collected 432 gold pieces.

Inventory:

Hand Weapons
 a - a +1 dagger of venom (weapon)
 b - the +3 sling of Umai {drain, Fly Str+4}
   (You found it on level 2 of the Dungeon)

   Str+4:     It affects your strength (+4).
   Fly:       It grants you flight.
 t - a +4 vampiric whip
 w - a +5 sling
 E - a +2 dagger of pain
 F - a +2 whip of draining
Missiles
 l - 8 boomerangs
 p - 2 throwing nets
 y - 14 poisoned darts
Armour
 f - a +0 cloak
 i - the +0 cloak "Zyocloecw" {MP+9}
   (You found it on level 5 of the Dungeon)

   MP+9:      It affects your magic capacity (+9).
 m - a +0 robe (worn)
 r - a scarf of repulsion (worn)
 C - a +1 pair of gloves (worn)
 H - a +2 buckler (worn)
Jewellery
 G - an amulet of magic regeneration (around neck)
 K - a ring of wizardry (left hand)
Talismans
 u - a serpent talisman
Wands
 v - a wand of acid (2)
Scrolls
 c - 2 scrolls of amnesia
 e - 4 scrolls of blinking
 o - 2 scrolls of silence
 s - a scroll of poison
 x - 2 scrolls of butterflies
 A - a scroll of fog {unknown}
 B - 2 scrolls of teleportation {unknown}
 J - a scroll of enchant armour {unknown}
 L - a scroll of revelation {unknown}
Potions
 d - 2 potions of lignification
 g - a potion of curing
 h - 3 potions of enlightenment
 j - a potion of magic
 k - 3 potions of mutation
 n - a potion of cancellation {unknown}
 q - a potion of invisibility {unknown}
 z - 2 potions of brilliance
 D - a potion of heal wounds {unknown}
 I - 2 potions of resistance {unknown}


   Skills:
 - Level 1.5 Dodging
 - Level 2.1 Stealth
 - Level 4.0 Spellcasting
 + Level 8.1 Conjurations
 - Level 0.7 Transmutations
 - Level 8.0 Earth Magic


You had 10 spell levels left.
You knew the following spells:

 Your Spells              Type           Power      Damage    Failure   Level
a - Sandblast             Erth           68%        2d15      1%          1
b - Stone Arrow           Conj/Erth      68%        3d11      1%          3
c - Freeze                Ice            12%        1d3       9%          1

Your spell library contained the following spells:

 Spells                   Type           Power      Damage    Failure   Level
 Passwall                 Tmut/Erth      16%        N/A       1%          2
 Sting                    Tmut/Pois      20%        1d4       7%          1
 Poisonous Vapours        Pois/Air       6%         N/A       12%         2
 Petrify                  Tmut/Erth      20%        N/A       13%         4
 Ignite Poison            Fire/Tmut/Pois 4%         N/A       22%         3
 Freezing Cloud           Conj/Ice/Air   7%         6-21      56%         5
 Olgreb's Toxic Radiance  Pois           3%         N/A       58%         4
 Cigotuvi's Dreadful Rot  Necr/Pois/Air  Unusable   N/A       N/A         2

Dungeon Overview and Level Annotations

Branches:
Dungeon (6/15)             Temple (1/1) D:4

Altars:
Ashenzari
Cheibriados
Elyvilon
Fedhas
Hepliaklqana
Makhleb
Okawaru
Sif Muna
Uskayaw
Vehumet
Yredelemnul
Zin
The Shining One

Shops:
D:2 =

Annotations:
D:5 3 runed translucent doors, WhatIsLove's ghost, novice HOMo


Innate Abilities, Weirdness & Mutations

You are immune to sickness and miasma.
Your stone body is resilient. (AC +5)
You are immune to poison.
You resist negative energy. (rN+)
You are resistant to electric shocks. (rElec)
You are resistant to unholy torment.
You are immune to petrification.


Message History

The arrow closely misses you.
Casting: Stone Arrow (safe; 1% risk of failure)
Confirm with . or Enter, or press ? or * to list all spells.
Aiming: Stone Arrow (safe; 1% risk of failure)
Press: ? - help, Shift-Dir - straight line, f - centaur
Aim: a centaur, wielding a +0 orcbow and wearing a +0 robe (84% to hit)
The stone arrow hits the centaur!
The centaur is heavily wounded.
The centaur shoots an arrow.
The arrow closely misses you.
Unknown command.
Casting: Stone Arrow (safe; 1% risk of failure)
Confirm with . or Enter, or press ? or * to list all spells.
Aiming: Stone Arrow (safe; 1% risk of failure)
Press: ? - help, Shift-Dir - straight line, f/p - centaur
Aim: a centaur, wielding a +0 orcbow and wearing a +0 robe (heavily wounded, 84% to hit)
The stone arrow hits the centaur!
You kill the centaur!
Vehumet accepts your kill.
Your Conjurations skill increases to level 8!
Casting: Stone Arrow (safe; 1% risk of failure)
Confirm with . or Enter, or press ? or * to list all spells.
Aiming: Stone Arrow (safe; 1% risk of failure)
Press: ? - help, Shift-Dir - straight line, f - steam dragon
Aim: a steam dragon (74% to hit)
The stone arrow hits the steam dragon!
The steam dragon is moderately wounded.
The steam dragon breathes steam at you. The ball of steam hits you!
You are engulfed in a cloud of scalding steam.
You are engulfed in a cloud of scalding steam.
Casting: Stone Arrow (safe; 1% risk of failure)
Confirm with . or Enter, or press ? or * to list all spells.
Aiming: Stone Arrow (safe; 1% risk of failure)
Press: ? - help, Shift-Dir - straight line, f/p - steam dragon
Aim: a steam dragon (moderately wounded, 74% to hit)
The stone arrow hits the steam dragon!
The steam dragon is severely wounded.
The steam dragon breathes steam at you. The ball of steam hits you!!
You die...

....#.........
###.#.#.#......
..>......D§..
.......)§.. #.....§D§
#)..#.§.# #...###§#
#.....#§#.##
#.....@....#
#.###.###..# #.###.#
#..# #...#.# #..#.#
####...#)# #..#.#
..)...#.# #..#.#
#....#.# #....####+###
#....#.# #...........#
#....#.###...........###


There were no monsters in sight!

Vanquished Creatures
  A water moccasin (D:5)
  A centaur (D:6)
  An ogre (D:4)
  3 phantoms
  A bullfrog (D:6)
  A scorpion (D:6)
  An orc priest (D:4)
  2 hounds (D:4)
  A jelly (D:5)
  4 iron imps (D:5)
  Natasha (thrice) (D:3)
  Ijyb (D:3)
  An iguana (D:4)
  2 orc wizards
  A sleepcap (D:4)
  11 gnolls
  9 adders
  A white imp (D:5)
  2 ufetubi
  3 worms
  2 dart slugs
  10 orcs
  6 ball pythons
  6 bats
  7 endoplasms
  2 giant cockroaches
  8 goblins
  9 hobgoblins
  14 jackals
  A quokka (D:2)
  5 frilled lizards
  5 kobolds
  4 rats
129 creatures vanquished.

Notes
Turn   | Place    | Note
-------+----------+-------------------------------------------
     0 | D:1      | dondy the Gargoyle Earth Elementalist began the quest for
                  | the Orb.
     0 | D:1      | Reached XP level 1. HP: 10/10 MP: 3/3
   259 | D:1      | Reached XP level 2. HP: 15/15 MP: 3/5
  1098 | D:2      | Reached skill level 5 in Earth Magic
  1098 | D:2      | Reached XP level 3. HP: 19/19 MP: 3/6
  1102 | D:2      | Learned a level 3 spell: Stone Arrow
  1191 | D:2      | Identified the +3 sling of Umai {drain, Fly Str+4}
  1289 | D:2      | Reached XP level 4. HP: 21/24 MP: 2/7
  1383 | D:2      | Found Ryuneu's One-of-a-Kind Rings.
  1897 | D:3      | Noticed Natasha
  1908 | D:3      | Killed Natasha
  1909 | D:3      | Reached XP level 5. HP: 10/28 MP: 4/8
  1913 | D:3      | Noticed Natasha
  1916 | D:3      | Killed Natasha
  1983 | D:3      | Noticed Natasha
  1986 | D:3      | Killed Natasha
  2063 | D:3      | Noticed Ijyb
  2449 | D:3      | Reached XP level 6. HP: 9/32 MP: 4/9
  2450 | D:3      | Killed Ijyb
  2620 | D:3      | Reached skill level 1 in Conjurations
  3229 | D:4      | Reached XP level 7. HP: 25/36 MP: 4/12
  3433 | D:4      | Found a staircase to the Ecumenical Temple.
  3445 | Temple   | Entered the Ecumenical Temple
  3490 | Temple   | Became a worshipper of Vehumet
  3987 | D:5      | Entered Level 5 of the Dungeon
  3989 | D:5      | Identified the +0 cloak "Zyocloecw" {MP+9}
  4084 | D:5      | Found a runed translucent gate.
  4084 | D:5      | Found a runed translucent gate.
  4085 | D:5      | Found a runed translucent gate.
  4085 | D:5      | Noticed WhatIsLove's ghost (novice HOMo)
  4136 | D:5      | Found a burning altar of Makhleb.
  4151 | D:5      | Reached skill level 5 in Conjurations
  4160 | D:5      | Reached XP level 8. HP: 38/41 MP: 12/14
  4412 | D:5      | Found a snail-covered altar of Cheibriados.
  4666 | D:6      | Reached * piety under Vehumet
  4666 | D:6      | Offered knowledge of Freeze by Vehumet.
  4688 | D:6      | Learned a level 1 spell: Freeze
  4936 | D:6      | Killed from afar by a steam dragon

Illustrated notes

Levels and vault maps discovered:
D:1:      kilobyte_arrival_exit_the_forest, layout_loops_ring
D:2:      layout_basic, nicolae_shop_unique_rings, minmay_crystal_water
D:3:      layout_rooms, uniq_ijyb, uniq_natasha
D:4:      layout_cave_pools, temple_fountains, serial_bayou_lagoon_a,
          kennysheep_nub, minmay_joined_circles
D:5:      layout_rooms, demons_altar, slow_altar_1,
          gammafunk_ghost_nasty_kobolds
D:6:      layout_basic, lemuel_tele_altar, pdpol_wu_jian_five_deadly_venoms
Temple:   minmay_temple_curvy_loop

Skill      XL: |  1  2  3  4  5  6  7  8 |
---------------+-------------------------+-----
Earth Magic    | 4 5 6 7 8 |  8.0
Conjurations   | 2 5 8 |  8.1
Spellcasting   | 3 4 |  4.0
Dodging        | |  1.5
Stealth        | |  2.1
Transmutations | |  0.7

Action                     |  1- 3 |  4- 6 |  7- 9 || total
---------------------------+-------+-------+-------++-------
  Melee: Dagger            |     1 |    10 |       ||    11
   Fire: Sling             |     8 |    29 |       ||    37
   Cast: Sandblast         |    30 |    84 |    60 ||   174
         Stone Arrow       |       |       |    16 ||    16
    Use: Scroll            |       |       |    10 ||    10
 Armour: Robe              |    12 |    12 |    10 ||    34
  Dodge: Dodged            |    17 |    34 |    12 ||    63
         Repelled          |       |     1 |       ||     1
  Block: Buckler           |       |       |     2 ||     2

Table legend: (Time is in decaauts)
 A = Elapsed time spent in this place.
 B = Non-inter-level travel time spent in this place.
 C = Inter-level travel time spent in this place.
 D = Time resting spent in this place.
 E = Time spent auto-exploring this place.
 F = Levels seen in this place.
 G = Mean time per level.
                   A        B        C        D        E       F      G
               +--------+--------+--------+--------+--------+-----+--------+
         Total |   5050 |   4783 |    267 |   1066 |   2733 |   7 |  721.4 |
       Dungeon |   4959 |   4781 |    178 |   1066 |   2733 |   6 |  826.5 |
        Temple |     90 |      1 |     89 |      0 |      0 |   1 |   90.0 |
               +--------+--------+--------+--------+--------+-----+--------+

Top non-repeatable levels by time:
     D:4: 1215 daAuts
     D:1: 1053 daAuts
     D:3: 1015 daAuts
     D:2: 711 daAuts
     D:5: 601 daAuts
     D:6: 362 daAuts
  Temple: 90 daAuts
